Map: Nephor I

Players

MattGush - Winner!

  • Race: Zerg Zerg
  • Spawn Location: 6:00

CoolBreeze - Winner!

  • Race: Protoss Protoss
  • League: Bronze
  • Spawn Location: 7:00

Grumm - Winner!

  • Race: Terran Terran
  • League: Gold
  • Spawn Location: 7:00

Wazolo

  • Race: Zerg Zerg
  • Spawn Location: 1:00

scoutli

  • Race: Terran Terran
  • Spawn Location: 12:00

plankton

  • Race: Terran Terran
  • Spawn Location: 1:00

VOD

Have the link to the VOD?

Description

Time

  • Played on: Jan. 11, 2016, 2:23 a.m.
  • Length: 26:38
Show
View Real Time Build Order
Export as new Build Order

MattGush Zerg - Winner!

Build Orders: Pool First 

Get SALT Encoding   

  12  0:02  Drone  
  13  0:10  Drone  
  14  0:19  Extractor  
  13  0:29  Drone  
  14  0:37  Spawning Pool  
  13  0:44  Overlord  
  13  0:47  Drone  
  14  1:03  Drone x2  
  16  1:23  Queen  
  16  1:24  Metabolic Boost  
  18  1:28  Zergling x4  
  20  1:37  Overlord  
  20  1:46  Zergling x2  
  21  1:54  Zergling x2  
  22  2:03  Zergling x2  
  23  2:12  Zergling x2  
  24  2:24  Zergling x2  
  25  2:34  Zergling x2  
  25  2:35  Zergling x4  
  28  2:43  Extractor  
  28  2:44  Drone  
  28  2:45  Hatchery  
  27  3:00  Drone x2  
  23  3:47  Drone  
  23  3:48  Drone x2  
  26  3:54  Drone  
  27  3:57  Queen  
  27  4:00  Drone  
  30  4:05  Drone  
  30  4:08  Drone  
  32  4:11  Lair  
  32  4:24  Drone x2  
  32  4:25  Drone x2  
  36  4:33  Overlord  
  36  4:41  Extractor  
  36  4:44  Drone  
  36  4:45  Overlord  
  36  4:54  Extractor  
  36  4:55  Drone x5  
  36  4:56  Drone  
  36  4:59  Drone  
  42  5:06  Drone  
  43  5:11  Drone x3  
  47  5:14  Drone  
  47  5:30  Drone x3  
  50  5:36  Spore Crawler  
  50  5:37  Spore Crawler  
  50  5:39  Overlord  
  50  5:40  Drone  
  49  5:43  Spire  
  49  5:44  Drone x4  
  49  5:49  Overlord  
  52  6:02  Overlord  
  52  6:03  Drone x3  
  55  6:11  Spore Crawler  
  55  6:14  Spore Crawler  
  55  6:16  Spore Crawler  
  55  6:18  Spore Crawler  
  51  6:23  Drone x3  
  49  6:40  Spore Crawler  
  49  6:44  Spore Crawler  
  47  6:47  Overlord  
  47  6:55  Mutalisk x3  
  47  6:56  Mutalisk x2  
  47  6:59  Mutalisk x3  
  47  7:00  Mutalisk  
  65  7:10  Mutalisk  
  65  7:11  Mutalisk x3  
  73  7:44  Mutalisk x3  
  73  7:45  Mutalisk x2  
  73  7:48  Overlord  
  73  7:49  Hatchery  
  82  7:55  Spore Crawler  
  81  8:01  Zerg Flyer Weapons Level 1  
  81  8:07  Drone x3  
  81  8:09  Mutalisk  
  81  8:10  Mutalisk  
  88  8:16  Extractor  
  87  8:21  Mutalisk x2  
  87  8:24  Extractor  
  88  8:59  Mutalisk x2  
  88  9:00  Mutalisk x4  
  98  9:28  Spore Crawler  
  98  9:31  Drone  
  98  9:32  Overlord x2  
  98  9:49  Queen  
  98  10:02  Drone x3, Spire  
  98  10:03  Drone x3  
  98  10:05  Zerg Flyer Weapons Level 2  
  103  10:11  Evolution Chamber  
  102  10:14  Evolution Chamber, Drone  
  102  10:15  Drone x5  
  102  10:19  Spine Crawler  
  102  10:20  Drone x2  
  108  10:22  Mutalisk x2  
  106  11:19  Zerg Flyer Armor Level 1  
  106  11:26  Infestation Pit  
  106  11:27  Hydralisk Den  
  106  11:28  Drone x3  
  106  11:29  Drone x3  
  108  11:33  Overseer  
  108  11:36  Mutalisk  
  108  11:37  Mutalisk x2  
  114  11:44  Overlord  
  114  11:51  Zerg Missile Weapons Level 1  
  114  11:52  Zerg Ground Armor Level 1  
  104  12:53  Hive  
  104  13:08  Hatchery  
  103  13:14  Lurker Den  
  103  13:15  Spore Crawler x2, Zerg Flyer Armor Level 2  
  103  13:18  Spore Crawler  
  100  13:23  Evolution Chamber  
  99  13:29  Mutalisk x3  
  99  13:31  Overlord  
  99  13:32  Overlord x2  
  105  13:36  Spore Crawler x2  
  103  13:43  Spore Crawler  
  103  13:45  Zerg Melee Weapons Level 1  
  102  13:49  Zerg Missile Weapons Level 2  
  102  13:51  Zerg Ground Armor Level 2  
  102  13:52  Mutalisk  
  102  13:53  Mutalisk x8  
  102  13:54  Mutalisk x5  
  130  14:09  Spore Crawler  
  129  14:10  Spore Crawler  
  128  14:19  Overlord x2  
  128  14:30  Queen  
  128  14:31  Drone x2  
  132  14:34  Overlord  
  132  14:36  Mutalisk x2  
  132  14:37  Mutalisk x2  
  132  14:38  Mutalisk x3  
  140  14:39  Mutalisk  
  140  14:43  Zergling x8  
  140  14:44  Overlord x2  
  140  14:45  Overlord x2  
  152  15:01  Extractor  
  152  15:04  Extractor  
  150  15:07  Zergling x6  
  150  15:08  Zergling x14  
  150  15:09  Zergling x8  
  164  15:18  Adrenal Glands  
  164  15:49  Pneumatized Carapace  
  164  15:51  Overseer x2  
  164  15:52  Overseer  
  164  15:59  Mutalisk x2  
  164  16:00  Mutalisk x3  
  164  16:03  Drone  
  164  16:04  Drone x2  
  177  16:06  Drone x3  
  116  17:23  Zerg Melee Weapons Level 2  
  116  17:25  Zerg Ground Armor Level 3  
  112  17:35  Zergling x12  
  112  17:36  Zergling x12  
  112  17:37  Zergling x12  
  126  17:38  Zergling x12  
  118  18:06  Zerg Missile Weapons Level 3  
  118  18:44  Corruptor x3  
  118  18:45  Corruptor x5  
  118  18:46  Corruptor x5  
  118  18:47  Hatchery, Corruptor x3  
  149  18:52  Hatchery  
  148  19:14  Zerg Flyer Weapons Level 3  
  148  19:53  Overlord x4  
  148  19:57  Extractor  
  147  20:01  Extractor  
  146  20:28  Extractor  
  143  20:29  Extractor  
  143  20:34  Corruptor x4  
  143  20:35  Corruptor x6  
  150  21:00  Drone x2  
  150  21:01  Drone  
  150  21:02  Drone x3  
  155  21:05  Drone x3  
  155  21:06  Drone x3  
  161  21:12  Zergling x6  
  161  21:13  Zergling x14  
  161  21:14  Zergling x8  
  165  21:44  Corruptor x4  
  165  21:45  Corruptor x2  
  172  21:50  Greater Spire  
  172  21:53  Zerg Flyer Armor Level 3  
  164  22:32  Zergling x10  
  164  22:33  Zergling x14  
  164  22:34  Zergling x12  
  164  23:35  Zergling x8  
  164  23:36  Zergling x14  
  164  23:37  Zergling x4  
  164  23:38  Corruptor x6  
  164  23:39  Corruptor x2  
  193  23:48  Drone x3  
  195  23:50  Drone  
  196  24:16  Drone x3  
  192  24:40  Spine Crawler x2  
  192  24:42  Spine Crawler x2  
  163  25:19  Mutalisk x5  
  163  25:20  Mutalisk x6  
  163  25:21  Mutalisk x6  
  185  25:22  Mutalisk  
  185  25:27  Zergling x8  
Show
View Real Time Build Order
Export as new Build Order

CoolBreeze Protoss - Winner!

Build Orders: Nexus First 

Get SALT Encoding   

  12  0:03  Probe (Chrono Boost)  
  14  0:14  Probe (Chrono Boost)  
  14  0:19  Pylon  
  14  0:24  Probe (Chrono Boost)  
  15  0:38  Probe (Chrono Boost)  
  16  1:00  Nexus  
  16  1:01  Probe (Chrono Boost)  
  17  1:12  Probe (Chrono Boost)  
  18  1:20  Gateway  
  18  1:23  Probe (Chrono Boost)  
  19  1:28  Assimilator  
  19  1:33  Probe (Chrono Boost)  
  19  1:36  Pylon  
  20  1:44  Probe (Chrono Boost)  
  21  1:47  Assimilator  
  21  1:55  Probe (Chrono Boost)  
  22  2:05  Probe (Chrono Boost)  
  22  2:08  Cybernetics Core  
  23  2:16  Probe x2 (Chrono Boost)  
  25  2:26  Probe x2 (Chrono Boost)  
  29  2:37  Probe x2 (Chrono Boost)  
  29  2:51  Nexus  
  29  2:55  Pylon, Warp Gate (Chrono Boost)  
  29  2:57  Probe  
  29  2:58  Probe  
  31  3:08  Probe  
  31  3:10  Probe  
  33  3:13  Forge  
  33  3:17  Pylon  
  33  3:31  Probe  
  33  3:32  Probe  
  35  3:41  Mothership Core  
  35  3:43  Gateway  
  35  3:45  Probe  
  38  3:48  Photon Cannon  
  38  3:51  Protoss Ground Weapons Level 1  
  38  3:57  Probe  
  38  4:00  Probe  
  38  4:01  Photon Cannon  
  40  4:04  Probe  
  40  4:09  Probe  
  42  4:11  Probe  
  42  4:15  Probe  
  44  4:21  Probe x2  
  46  4:26  Photon Cannon  
  46  4:29  Assimilator  
  46  4:31  Gateway  
  46  4:32  Assimilator  
  46  4:34  Gateway  
  46  4:38  Gateway  
  46  4:41  Pylon  
  46  4:44  Pylon  
  46  4:45  Probe x2  
  46  4:46  Probe  
  46  4:52  Assimilator  
  49  4:55  Assimilator, Probe  
  49  4:59  Probe  
  51  5:01  Probe  
  51  5:06  Probe  
  52  5:10  Twilight Council  
  52  5:12  Probe x2  
  55  5:14  Robotics Facility  
  55  5:16  Probe  
  55  5:18  Forge  
  56  5:21  Pylon  
  56  5:24  Probe  
  56  5:26  Probe  
  56  5:27  Probe  
  59  5:36  Probe  
  60  5:43  Adept x2  
  60  5:44  Stalker x2  
  60  5:45  Stalker  
  60  5:47  Probe  
  71  5:57  Protoss Shields Level 1, Protoss Ground Armor Level 1  
  71  5:58  Pylon  
  71  6:00  Pylon  
  71  6:01  Pylon  
  71  6:05  Pylon, Photon Cannon  
  71  6:09  Immortal  
  75  6:11  Adept  
  75  6:13  Stalker  
  79  6:19  Stalker x2  
  79  6:24  Adept  
  83  6:50  Stargate  
  83  6:51  Blink  
  83  6:52  Stargate  
  83  6:53  Stargate  
  83  6:55  Stalker x5  
  93  7:19  Stalker x3  
  93  7:20  Stalker  
  101  7:42  Templar Archives  
  101  7:44  Void Ray x3  
  105  7:48  Protoss Air Weapons Level 1 (Chrono Boost)  
  105  7:50  Protoss Ground Weapons Level 2 (Chrono Boost)  
  113  7:54  Pylon  
  113  8:01  Robotics Bay  
  113  8:04  Protoss Ground Armor Level 2 (Chrono Boost), Pylon  
  113  8:07  Pylon  
  113  8:12  Pylon  
  113  8:33  Void Ray x2  
  121  8:34  Nexus  
  121  8:35  Void Ray  
  121  8:37  Assimilator  
  125  8:42  Assimilator  
  125  8:43  Pylon  
  125  8:47  Pylon, Psionic Storm  
  125  8:50  Pylon  
  125  9:01  Nexus  
  125  9:03  High Templar, Assimilator  
  125  9:06  Zealot x4  
  125  9:08  Assimilator  
  135  9:12  Pylon  
  135  9:14  Pylon  
  135  9:16  Mothership Core  
  137  9:22  Phoenix x3  
  143  9:27  Stalker, Protoss Air Armor Level 1  
  143  9:28  Zealot x3  
  151  9:50  Observer  
  152  10:02  Protoss Shields Level 2 (Chrono Boost)  
  152  10:09  Photon Cannon  
  152  10:10  Photon Cannon  
  152  10:11  Probe  
  152  10:13  Probe  
  153  10:16  Photon Cannon  
  153  10:19  Photon Cannon  
  153  10:20  Extended Thermal Lance, Resonating Glaives  
  154  10:22  Probe, Photon Cannon  
  154  10:23  Probe  
  154  10:25  Photon Cannon  
  156  10:28  Photon Cannon  
  156  10:29  Protoss Ground Weapons Level 3 (Chrono Boost)  
  156  10:32  Probe  
  156  10:34  Probe  
  158  10:36  Fleet Beacon  
  158  11:28  High Templar x5  
  158  11:29  Probe  
  158  11:30  Probe  
  170  11:36  Graviton Catapult  
  170  11:38  Protoss Air Weapons Level 2 (Chrono Boost)  
  170  11:39  Probe  
  170  11:41  Probe  
  172  11:50  Probe  
  172  11:52  Probe  
  174  11:59  Protoss Ground Armor Level 3 (Chrono Boost)  
  174  12:01  Gravitic Drive  
  170  12:10  Stalker x5  
  178  12:34  Stalker x4, Anion Pulse-Crystals  
  178  12:35  Stalker  
  188  12:58  Observer Gravitic Boosters  
  188  13:01  Protoss Shields Level 3 (Chrono Boost)  
  188  13:14  Nexus  
  188  13:17  Assimilator  
  188  13:22  Assimilator  
  188  13:23  Carrier x2  
  188  13:24  Pylon  
  200  13:27  Pylon  
  200  13:32  Pylon  
  200  13:35  Pylon  
  200  13:37  Gateway  
  200  13:42  Gateway  
  200  13:44  Gateway  
  200  13:45  Gateway  
  200  13:46  Gateway  
  200  13:50  Photon Cannon  
  200  13:52  Protoss Air Armor Level 2 (Chrono Boost), Photon Cannon  
  200  13:54  Photon Cannon  
  200  13:55  Gateway  
  200  13:57  Photon Cannon  
  200  13:59  Gateway  
  200  14:00  Photon Cannon  
  200  14:03  Gateway  
  200  14:07  Gateway, Photon Cannon  
  200  14:11  Gateway  
  200  14:19  Charge  
  170  15:50  Protoss Air Weapons Level 3 (Chrono Boost)  
  169  16:53  High Templar x5  
  169  16:54  High Templar x6  
  183  16:55  High Templar x4  
  183  16:59  Archon x5  
  183  17:00  Archon x2  
  195  18:01  Stalker x2  
  199  18:30  Robotics Facility  
  199  18:32  Robotics Facility  
  199  18:36  Robotics Facility  
  199  18:39  Robotics Facility  
  199  18:42  Robotics Facility  
  199  18:45  Robotics Facility  
  199  18:55  Robotics Facility x2  
  199  18:56  Protoss Air Armor Level 3 (Chrono Boost)  
  199  18:59  Observer  
  199  19:52  Observer  
  178  22:06  Nexus  
  178  22:08  Assimilator  
  178  22:11  Tempest x3  
  178  22:13  Assimilator  
  190  22:16  Pylon, Stalker x5  
  190  22:20  Pylon  
  200  22:24  Pylon  
  200  22:27  Pylon  
  200  22:58  Photon Cannon  
  200  23:00  Photon Cannon  
  200  23:02  Photon Cannon  
  200  23:04  Photon Cannon  
  200  23:06  Photon Cannon  
  200  23:08  Photon Cannon  
  200  23:11  Photon Cannon  
  200  23:14  Photon Cannon  
  200  23:18  Photon Cannon  
  200  23:21  Photon Cannon  
  200  23:24  Photon Cannon  
  164  25:00  Stalker x2  
  164  25:01  Stalker x5  
  164  25:02  Stalker x2  
  164  25:03  Stalker x5  
  164  25:04  Stalker  
Show
View Real Time Build Order
Export as new Build Order

Grumm Terran - Winner!

Build Orders:  

Get SALT Encoding   

  12  0:16  Supply Depot, SCV  
  13  0:23  Refinery  
  13  0:28  SCV  
  14  0:41  Barracks  
  14  0:55  Barracks  
  14  0:59  SCV  
  15  1:13  SCV  
  15  1:18  Supply Depot  
  16  1:35  Reaper  
  17  1:40  Refinery  
  17  1:54  Barracks Reactor  
  17  1:58  Barracks  
  17  2:04  SCV  
  18  2:14  Reaper  
  19  2:16  SCV  
  20  2:28  SCV  
  21  2:32  Supply Depot  
  21  2:33  Reaper  
  21  2:34  Reaper  
  23  2:40  SCV  
  23  2:52  SCV  
  23  2:55  Reaper  
  23  2:56  Reaper  
  26  3:07  Supply Depot  
  26  3:08  Orbital Command  
  25  3:34  SCV  
  25  3:36  Reaper x4  
  30  3:46  SCV  
  31  3:49  Supply Depot  
  31  4:04  SCV  
  31  4:08  Reaper  
  31  4:18  SCV  
  31  4:21  Reaper x3  
  34  4:27  Supply Depot  
  34  4:40  Engineering Bay, Reaper  
  34  4:43  Engineering Bay  
  35  4:48  Factory  
  35  4:50  SCV  
  36  4:53  Reaper x2  
  38  5:02  SCV  
  34  5:38  SCV  
  31  5:49  Sensor Tower  
  31  5:50  Command Center  
  31  5:55  Supply Depot  
  31  5:56  Terran Infantry Armor Level 1, Terran Infantry Weapons Level 1  
  31  5:57  Supply Depot  
  31  6:10  Marine x4  
  32  6:20  Missile Turret  
  32  6:24  Missile Turret  
  32  6:28  Marine x4  
  32  6:32  Missile Turret  
  35  6:57  Marine x4  
  38  7:14  Marine  
  38  7:15  Marine x2  
  36  7:36  Missile Turret  
  31  7:43  Marine  
  31  7:44  Marine x2  
  32  7:47  Barracks Tech Lab  
  34  8:06  Combat Shields  
  34  8:16  Starport  
  34  8:32  Missile Turret  
  34  8:36  Refinery  
  34  8:41  Supply Depot  
  34  8:51  Planetary Fortress  
  34  9:02  SCV  
  35  9:14  SCV  
  36  9:26  Stimpack, SCV  
  36  9:30  Medivac x2  
  36  9:31  Marine x3  
  41  9:38  SCV  
  45  9:43  Supply Depot  
  45  9:49  Marine x2, SCV  
  45  9:50  SCV  
  49  10:04  SCV x2  
  51  10:12  Medivac  
  53  10:16  SCV  
  54  10:26  Armory  
  54  10:38  SCV  
  54  10:40  SCV  
  56  10:44  Refinery  
  56  10:49  Medivac  
  58  10:51  Medivac  
  58  10:52  Marine  
  58  10:55  Marine x2  
  63  11:07  SCV x2  
  63  11:09  Marine  
  66  11:14  Marine  
  66  11:15  Marine  
  68  11:19  SCV  
  68  11:21  Viking  
  71  11:27  Marine  
  72  11:33  SCV  
  72  11:34  Marine x2  
  75  11:41  Terran Infantry Weapons Level 2  
  75  11:45  Marine  
  76  11:50  Supply Depot  
  76  11:52  Marine x2  
  69  12:35  Barracks Reactor x2  
  68  12:48  SCV  
  69  12:52  SCV  
  69  12:56  Marine  
  71  12:59  Viking x2  
  71  13:00  SCV  
  71  13:04  SCV  
  77  13:08  Supply Depot, Terran Infantry Armor Level 2  
  77  13:13  Marine  
  77  13:14  Marine x4  
  82  13:30  Sensor Tower  
  82  13:31  Supply Depot, Marine x3  
  82  13:32  Marine x2  
  87  13:49  Marine x4  
  87  13:50  Marine  
  92  13:59  Command Center  
  92  14:07  Marine  
  92  14:08  Medivac  
  95  14:12  Marine x4  
  99  14:25  Marine  
  99  14:29  Marine  
  99  14:30  Marine x3  
  104  14:42  Marine  
  105  14:47  Marine  
  102  15:40  Missile Turret, SCV  
  102  15:42  Missile Turret, Marine x5  
  105  15:44  Missile Turret  
  105  15:45  Missile Turret  
  105  15:46  Medivac x2  
  105  15:47  Planetary Fortress  
  112  15:55  Terran Infantry Weapons Level 3  
  112  15:59  Marine  
  112  16:00  Marine x4  
  117  16:15  Supply Depot, Refinery  
  117  16:17  Marine  
  117  16:18  Marine x4  
  119  16:19  Refinery  
  119  16:24  SCV  
  119  16:25  SCV  
  124  16:31  SCV  
  125  16:35  Marine  
  125  16:36  SCV  
  125  16:38  Supply Depot  
  96  18:01  SCV  
  97  18:07  Marine x5  
  102  18:25  Marine x5  
  107  18:42  Marine  
  107  18:43  Marine x4  
  112  18:55  Supply Depot  
  112  19:00  Marine  
  112  19:01  Supply Depot, Marine x3  
  116  19:03  Supply Depot  
  116  19:04  Sensor Tower  
  116  19:12  Marauder  
  116  19:14  Concussive Shells  
  118  19:24  Supply Depot  
  118  19:34  Marauder  
  120  19:55  Marauder  
  81  20:16  Marauder  
  70  20:27  Marine x4  
  59  20:32  Widow Mine  
  59  20:34  Medivac x2  
  64  20:38  Marauder  
  66  20:45  Marine x4  
  63  20:59  Marauder  
  63  21:00  Widow Mine  
  63  21:03  Marine x4  
  63  21:04  Medivac  
  35  21:20  Marine  
  35  21:21  Marauder, Marine x3  
  40  21:29  Widow Mine  
  36  21:42  Marauder  
  36  22:04  Command Center  
  36  22:22  Orbital Command  
  36  22:46  Marauder  
  36  22:47  Marine x4  
  40  22:55  Refinery  
  40  22:58  Refinery  
  39  22:59  Missile Turret  
  39  23:03  Missile Turret  
  39  23:05  Missile Turret, Marine x4  
  40  23:06  Missile Turret  
  40  23:08  Marauder  
  45  23:23  Marine x4  
  45  23:25  Missile Turret  
  45  23:27  Missile Turret  
  49  23:29  Marauder  
  48  23:37  Starport  
  48  23:38  Starport  
  48  23:40  Starport, Marine  
  48  23:41  Marine x3  
  47  23:42  Fusion Core  
  47  23:47  Supply Depot  
  50  23:50  Medivac, Marauder  
  50  23:51  Medivac  
  56  23:58  Refinery  
  56  24:01  Refinery  
  56  24:12  Marauder, Supply Depot  
  56  24:15  Starport Tech Lab  
  56  24:16  Starport Tech Lab  
  58  24:17  Starport Tech Lab  
  63  25:00  Battlecruiser x3  
  63  25:03  Behemoth Reactor  
Show
View Real Time Build Order
Export as new Build Order

Wazolo Zerg 

Build Orders: Hatch First 

Get SALT Encoding   

  12  0:02  Drone  
  13  0:12  Overlord  
  13  0:17  Drone  
  14  0:31  Drone x2  
  14  0:35  Drone  
  17  0:51  Drone  
  17  0:53  Extractor  
  17  1:03  Drone, Hatchery  
  17  1:20  Spawning Pool  
  17  1:21  Drone  
  17  1:26  Drone  
  17  1:28  Drone  
  19  1:57  Extractor  
  19  2:00  Drone  
  19  2:01  Drone, Overlord  
  20  2:06  Lair  
  20  2:15  Queen  
  22  2:28  Drone x2  
  24  2:34  Drone x2  
  26  2:37  Overlord  
  28  2:54  Drone  
  29  3:05  Spire  
  28  3:06  Drone, Queen  
  28  3:10  Drone x2  
  31  3:42  Overlord  
  31  3:46  Drone x2, Extractor  
  31  3:47  Drone x2, Extractor  
  33  3:51  Spine Crawler  
  33  3:53  Spine Crawler  
  31  3:55  Spine Crawler  
  31  3:58  Spine Crawler  
  30  4:04  Spore Crawler  
  30  4:29  Drone x5  
  35  4:49  Mutalisk x5  
  35  4:50  Mutalisk  
  47  4:53  Overlord x2  
  47  4:57  Drone x2  
  49  5:21  Mutalisk x4  
  49  5:22  Drone  
  56  5:46  Drone x2  
  58  5:52  Mutalisk  
  58  5:53  Mutalisk  
  58  5:54  Mutalisk  
  52  6:48  Mutalisk  
  52  6:49  Mutalisk x5  
  60  7:30  Mutalisk x3  
  60  7:34  Mutalisk  
  68  7:38  Spore Crawler  
  68  7:40  Spore Crawler  
  68  7:42  Zerg Flyer Weapons Level 1  
  66  7:55  Evolution Chamber  
  65  8:01  Evolution Chamber  
  64  8:05  Infestation Pit  
  63  8:25  Hatchery  
  63  8:26  Drone x4  
  66  8:31  Overlord x2  
  63  9:17  Mutalisk  
  63  9:18  Mutalisk x5  
  63  9:22  Drone  
  63  9:23  Overlord x2  
  76  9:37  Spore Crawler  
  75  9:40  Extractor  
  74  9:47  Drone  
  74  9:48  Drone x6  
  74  9:50  Spore Crawler  
  80  10:05  Mutalisk  
  80  10:06  Mutalisk x3  
  88  10:26  Queen  
  88  10:28  Drone x3  
  93  10:39  Drone x5  
  98  10:51  Spire  
  97  11:06  Spore Crawler  
  97  11:08  Spore Crawler  
  97  11:09  Spore Crawler  
  93  11:25  Spore Crawler  
  92  11:27  Spore Crawler  
  92  11:29  Spore Crawler  
  92  11:30  Drone x3, Spore Crawler  
  92  11:38  Drone  
  92  11:39  Drone x5  
  98  11:40  Overlord x3  
  78  12:39  Zerg Melee Weapons Level 1  
  78  12:40  Zerg Ground Armor Level 1  
  78  12:47  Hive  
  78  13:00  Extractor  
  78  13:02  Extractor  
  78  13:03  Spine Crawler  
  75  13:06  Spine Crawler  
  75  13:09  Spine Crawler  
  73  13:14  Drone x7  
  73  13:15  Drone x3  
  73  13:16  Drone x4  
  87  13:27  Overlord x2  
  87  13:46  Spine Crawler  
  86  14:01  Ultralisk Cavern  
  85  14:08  Mutalisk x3  
  85  14:09  Mutalisk x4  
  99  14:10  Mutalisk x6  
  99  14:11  Mutalisk  
  113  14:34  Hatchery, Spore Crawler  
  111  14:40  Extractor  
  111  14:43  Spore Crawler  
  109  14:58  Zerg Melee Weapons Level 2  
  109  14:59  Zerg Ground Armor Level 2  
  109  15:09  Chitinous Plating  
  109  15:53  Extractor  
  108  16:04  Queen  
  108  16:05  Drone x2  
  108  16:08  Overlord x5  
  87  16:58  Ultralisk  
  87  16:59  Ultralisk x2  
  99  17:01  Ultralisk  
  99  17:02  Zergling x2, Ultralisk  
  99  17:03  Zergling x20  
  99  17:04  Zergling x18  
  99  17:05  Zergling x6  
  99  17:07  Zergling x2  
  99  17:08  Zergling x28  
  127  17:33  Hatchery  
  89  18:08  Hatchery  
  88  18:34  Zerg Flyer Armor Level 1  
  88  18:51  Extractor  
  87  19:04  Ultralisk x3  
  87  19:06  Lair  
  65  20:30  Drone x9  
  32  21:48  Ultralisk x3  
  32  21:50  Ultralisk  
  32  21:51  Ultralisk x2  
  68  22:25  Drone x3  
  71  22:35  Hive  
  64  23:06  Ultralisk x2  
  64  23:10  Overseer  
  74  23:14  Drone  
  75  23:37  Drone x2  
  77  23:43  Ultralisk  
  83  24:09  Drone  
  85  24:10  Drone x2  
  85  24:15  Ultralisk  
  92  24:21  Drone x2  
  92  24:22  Drone  
Show
View Real Time Build Order
Export as new Build Order

scoutli Terran 

Build Orders:  

Get SALT Encoding   

  12  0:02  SCV  
  14  0:14  SCV  
  14  0:26  SCV  
  15  0:29  Supply Depot  
  15  0:42  Refinery  
  15  0:47  Refinery  
  15  0:52  Barracks  
  15  0:59  SCV  
  16  1:10  Supply Depot  
  16  1:11  SCV  
  18  1:35  Supply Depot  
  18  1:40  Orbital Command  
  18  1:46  Barracks Reactor  
  17  2:01  Supply Depot  
  17  2:15  SCV  
  17  2:17  Factory  
  18  2:23  Marine x2  
  18  2:29  Engineering Bay, SCV  
  21  3:00  SCV  
  22  3:23  Hellion x2  
  15  4:30  Bunker, Missile Turret  
  15  4:32  Marine  
  16  4:50  Marine  
  16  4:52  Command Center  
  17  4:54  SCV  
  18  5:01  Hellion  
  20  5:19  Hellion  
  22  5:21  SCV  
  23  5:33  SCV  
  24  5:45  SCV  
  24  5:46  Hellion x2  
  29  6:42  Orbital Command  
  21  7:26  SCV x2  
  23  7:30  Starport  
  23  7:36  Starport  
  23  7:37  Missile Turret  
  23  7:38  SCV x2  
  23  7:39  Starport  
  23  7:42  Missile Turret  
  25  7:50  Missile Turret, SCV x2  
  27  7:52  Missile Turret  
  27  7:56  Missile Turret  
  27  7:57  Missile Turret  
  27  8:02  SCV  
  27  8:03  SCV  
  29  8:15  SCV x2  
  32  8:27  SCV  
  32  8:32  SCV  
  33  8:39  SCV  
  33  8:40  Starport Reactor  
  33  8:41  Starport Reactor x2  
  34  8:45  SCV  
  35  8:51  SCV  
  36  8:57  SCV  
  36  8:58  Refinery  
  36  8:59  Refinery  
  37  9:04  Widow Mine  
  37  9:05  Widow Mine  
  41  9:11  Liberator x4  
  41  9:26  Command Center  
  53  9:33  Supply Depot  
  53  9:36  Supply Depot  
  53  9:37  Liberator  
  53  9:46  Liberator  
  56  10:05  Liberator x2  
  60  10:07  SCV x2  
  61  10:19  SCV x2  
  69  10:31  Supply Depot  
  69  10:36  Supply Depot  
  69  10:38  Supply Depot  
  69  11:02  Supply Depot  
  69  11:04  Liberator x4  
  69  11:05  Liberator  
  72  12:11  Liberator  
  72  12:12  Liberator x3  
  72  12:13  Liberator  
  87  12:37  Starport  
  87  12:47  Starport  
  87  12:53  Command Center  
  87  13:13  Marine  
  87  13:15  Liberator x4, Bunker  
  87  13:19  Bunker  
  88  13:31  Marine  
  101  13:47  Planetary Fortress  
  101  13:49  Marine  
  101  13:50  Missile Turret  
  102  14:07  Marine  
  103  14:11  Starport Tech Lab  
  103  14:12  Starport Tech Lab  
  103  14:19  Fusion Core  
  103  14:24  Marine  
  104  14:42  Marine  
  105  15:00  Marine  
  88  15:56  Battlecruiser  
  94  15:57  Battlecruiser  
  94  16:04  Marine  
  101  16:19  Refinery  
  101  16:20  Refinery  
  101  16:21  Marine  
  102  16:39  Marine  
  103  16:57  Marine  
  104  17:15  Marine  
  88  18:10  Starport  
  88  18:15  Starport  
  88  18:22  Battlecruiser  
  88  18:26  Battlecruiser  
  100  18:27  Weapon Refit  
  99  19:10  Behemoth Reactor  
  99  19:15  Command Center  
  97  19:36  Starport Tech Lab  
  97  19:40  Starport Tech Lab  
  86  20:33  Liberator x3  
  86  20:34  Liberator x3  
  68  21:11  Command Center  
  68  21:15  Liberator  
  67  21:20  Bunker  
  76  21:47  Liberator x3  
  76  21:50  Liberator x2  
  76  21:51  Liberator  
  57  23:54  Barracks  
  57  23:58  Barracks  
  57  24:02  Barracks  
  55  24:46  Barracks Reactor  
  55  24:47  Barracks Reactor  
  54  25:02  Barracks Reactor  
  53  25:22  Marine x4  
  50  25:38  Marine x2  
  50  25:40  Marine x4  
Show
View Real Time Build Order
Export as new Build Order

plankton Terran 

Build Orders: Mech 

Get SALT Encoding   

  12  0:00  SCV  
  13  0:13  SCV  
  14  0:22  Supply Depot  
  14  0:25  SCV  
  15  0:44  SCV  
  15  0:45  Barracks  
  15  0:47  Refinery  
  16  0:56  Refinery, SCV  
  17  1:09  SCV  
  18  1:23  SCV  
  19  1:32  Barracks Reactor  
  19  1:35  Orbital Command  
  19  1:47  Factory  
  19  2:00  Supply Depot  
  19  2:01  SCV  
  20  2:04  Engineering Bay  
  20  2:11  Marine  
  20  2:12  Marine  
  20  2:13  SCV  
  23  2:22  Supply Depot  
  23  2:25  SCV  
  24  2:40  Widow Mine x2  
  28  2:53  SCV  
  29  2:59  Factory  
  29  3:00  Starport  
  29  3:08  Barracks Tech Lab  
  29  3:32  Hellion x2  
  33  3:36  Marine  
  34  3:53  Hellion x2  
  38  4:10  Starport Reactor  
  38  4:11  Factory Reactor  
  38  4:28  Supply Depot  
  38  4:29  Supply Depot  
  38  4:30  Supply Depot  
  38  4:49  Viking x2, Widow Mine x2  
  46  4:54  SCV  
  45  5:12  Factory  
  45  5:24  Widow Mine x2  
  49  5:46  Hellion x2  
  53  5:52  Widow Mine  
  53  6:06  Infernal Pre-Igniter  
  51  6:12  Armory  
  51  6:13  Armory  
  51  6:14  Starport  
  51  6:19  Hellion x3  
  57  6:56  Hellion x3  
  63  7:05  Supply Depot x2  
  63  7:08  Hellion  
  63  7:27  Siege Tank, Hellion x2  
  60  7:37  Viking x2  
  60  7:42  Terran Ship Weapons Level 1  
  60  7:43  Terran Vehicle And Ship Armor Level 1  
  64  7:51  Starport Tech Lab  
  64  7:57  Starport  
  64  8:33  Command Center  
  64  8:49  Viking x2  
  68  9:26  Viking x2  
  68  9:28  Starport Tech Lab  
  66  10:02  Viking x2  
  70  10:25  Orbital Command  
  70  10:40  Refinery, SCV  
  70  10:42  Refinery, Hellion  
  71  11:02  Hellion  
  71  11:03  Hellion x2  
  71  11:04  Hellion  
  75  11:22  Viking x2  
  75  11:29  Fusion Core  
  75  11:39  Starport  
  75  11:40  Terran Ship Weapons Level 2, Terran Vehicle And Ship Armor Level 2  
  63  12:16  Viking x2  
  59  12:30  Viking x2  
  49  12:46  Siege Tank  
  52  12:54  SCV x2  
  52  12:56  Hellion x3  
  52  12:57  Hellion  
  62  13:12  SCV x2  
  64  13:17  Supply Depot  
  64  13:18  Siege Tank  
  65  13:39  Viking x2  
  69  13:42  Viking  
  69  13:43  Viking  
  73  13:58  Terran Vehicle Weapons Level 1  
  73  14:09  Command Center  
  73  14:31  Siege Tank, Hellion x4  
  80  14:59  Viking x2  
  66  15:25  Hellion x2  
  66  15:26  Hellion x2  
  72  15:36  Siege Tank  
  72  15:39  Viking x2  
  73  16:08  Siege Tank  
  76  16:11  Orbital Command  
  76  16:15  Refinery  
  76  16:17  Refinery  
  76  16:20  Viking x3  
  27  17:51  Viking x2  
  31  18:03  Siege Tank  
  31  18:04  Hellion x2  
  31  18:05  Hellion x2  
  42  18:16  Viking x2  
  32  20:07  Hellion  
  32  20:08  Hellion x4  
  26  20:29  Hellion  
  20  20:48  SCV  
  7  20:58  Hellion x2  
  7  20:59  Hellion  
  9  21:34  Hellion x2  
  13  21:47  Hellion  
  13  21:56  Hellion  
  13  21:57  Hellion x2  
  15  22:07  Hellion  
  3  23:08  Hellion  
  3  23:09  Hellion x2  
  9  23:30  Hellion  
  11  23:46  Command Center  
Tags
 
Add a new tag
Caveats
  • Supply blocks, unpowered buildings, or Contaminate may cause inaccurate times.
  • Supply counts are checked every 10 seconds.